 Dungeon Crawl Stone Soup version 0.24.0-37-gcf1ca852f1 (webtiles) character file.

Game seed: 10577132059068750669, levelgen mode: deterministic

105 dikkface the Poker (level 4, 0/33 HPs)
             Began as a Merfolk Skald on Dec 5, 2019.
             Slain by a gnoll
             ... wielding a +1 spear of piercing
              (1 damage)
             ... on level 3 of the Dungeon.
             The game lasted 00:11:44 (1901 turns).

dikkface the Poker (Merfolk Skald)                  Turns: 1901, Time: 00:11:45

Health: 0/33       AC:  7    Str: 12    XL:     4   Next: 83%
Magic:  6/7        EV: 12    Int: 10    God:
Gold:   80         SH:  0    Dex: 13    Spells: 6/7 levels left

rFire    . . .     SeeInvis .   a - +0 spear
rCold    . . .     Gourm    .   (no shield)
rNeg     . . .     Faith    .   b - +0 leather armour
rPois    .         Spirit   .   (no helmet)
rElec    .         Reflect  .   (no cloak)
rCorr    .         Harm     .   (no gloves)
MR       .....                  (no boots)
Stlth    +.........             (no amulet)
HPRegen  0.11/turn              j - +4 ring of protection
MPRegen  0.10/turn              l - -2 ring of intelligence (curse)

@: infused
A: change form in water, swift swim, stealthy swim
a: no special abilities


You were on level 3 of the Dungeon.
You were not hungry.

You visited 1 branch of the dungeon, and saw 3 of its levels.

You collected 80 gold pieces.

Inventory:

Hand Weapons
 a - a +0 spear (weapon)
 q - a +3 dagger
Armour
 b - a +0 leather armour (worn)
Jewellery
 j - a +4 ring of protection (left hand)
 l - a cursed -2 ring of intelligence (right hand)
Wands
 o - a wand of paralysis (8)
Scrolls
 f - a scroll of remove curse {unknown}
 g - 5 scrolls of identify {unknown}
 m - 2 scrolls of teleportation {unknown}
 n - a scroll of amnesia {unknown}
Potions
 c - 2 potions of invisibility {unknown}
 e - 2 potions of curing {unknown}
 h - a potion of agility {unknown}
 i - a potion of magic {unknown}
 k - a potion of cancellation {unknown}
 p - a potion of might {unknown}
Comestibles
 d - 3 rations
 r - 2 chunks of flesh


   Skills:
 - Level 2.1 Fighting
 * Level 5.9 Polearms
 - Level 0.6 Armour
 - Level 2.6 Dodging
 + Level 0.1 Stealth
 + Level 2.2 Spellcasting
 + Level 4.1 Charms


You had 6 spell levels left.
You knew the following spells:

 Your Spells              Type           Power        Failure   Level  Hunger
a - Infusion              Chrm           #...         7%          1    ##.....

Your spell library contained the following spells:

 Spells                   Type           Power        Failure   Level  Hunger
 Song of Slaying          Chrm           #.......     11%         2    ###....
 Shroud of Golubria       Chrm/Tloc      #.....       26%         2    ###....
 Regeneration             Chrm/Necr      #.........   45%         3    ####...
 Spectral Weapon          Hex/Chrm       #.......     45%         3    ####...


Dungeon Overview and Level Annotations

Branches:
Dungeon (3/15)

Altars:
Nemelex Xobeh
Wu Jian


Message History

You barely miss the gnoll.
The gnoll is severely wounded.
The gnoll barely misses you.
You hit the gnoll.
You kill the gnoll!
The gnoll enters a dispersal trap!
You blink.
The gnoll blinks!
A gnoll comes into view. It is wielding a +0 spear.
A gnoll comes into view. It is wielding a +1 spear of piercing.
Casting: Infusion (safe; 7% risk of failure)
Confirm with . or Enter, or press ? or * to list all spells.
You begin infusing your attacks with magical energy.
The gnoll hits you with a +2 flail of protection!
You closely miss the gnoll. The gnoll misses you.
You closely miss the gnoll. The gnoll misses you.
The gnoll hits you with a +2 flail of protection.
* * * LOW HITPOINT WARNING * * *
You barely miss the gnoll.
The gnoll hits you from afar with a +1 spear of piercing!
* * * LOW HITPOINT WARNING * * *
You die...

#.# #.# #.####
#.# #....# #.#
####.# #.# #
#.# #.#.#
#)#####.#.##.#
#....^..g...g#
#######g#.#....
#@# # # #.# #.#
#.. ###


You could see 2 gnolls.

Vanquished Creatures
  Jessica (D:2)
  A gnoll (D:3)
  2 oozes
  2 worms (D:3)
  A dart slug (D:1)
  2 leopard geckos (D:1)
  An orc (D:3)
  A ball python (D:1)
  5 giant cockroaches
  8 goblins
  6 hobgoblins
  3 jackals (D:2)
  6 bats
  2 frilled lizards (D:1)
  2 kobolds (D:2)
  4 rats (D:1)
47 creatures vanquished.

Notes
Turn   | Place    | Note
-------+----------+-------------------------------------------
     0 | D:1      | dikkface the Merfolk Skald began the quest for the Orb.
     0 | D:1      | Reached XP level 1. HP: 16/16 MP: 3/3
   356 | D:1      | Reached XP level 2. HP: 22/22 MP: 5/5
   393 | D:1      | Reached skill level 4 in Polearms
   478 | D:1      | Reached XP level 3. HP: 25/27 MP: 6/6
   824 | D:2      | Found an ornate altar of the Wu Jian Council.
   838 | D:2      | Noticed Jessica
   848 | D:2      | Killed Jessica
   848 | D:2      | Reached skill level 5 in Polearms
   848 | D:2      | Reached XP level 4. HP: 27/33 MP: 2/7
   921 | D:2      | Found a sparkling altar of Nemelex Xobeh.
  1901 | D:3      | HP: 1/33 [gnoll/+1 spear of piercing (7)]
  1901 | D:3      | Slain by a gnoll

Levels and vault maps discovered:
D:1:      eino_arrival_cavern_b, layout_rooms, minmay_crystal_water
D:2:      layout_loops_cross, nicolae_overflow_hidden_temple,
          nemelex_xobeh_ov_fountains_minmay, uniq_jessica
D:3:      layout_loops_ring, nicolae_qazlal_eye_of_the_storm

Skill      XL: |  1  2  3 |
---------------+----------+-----
Polearms       | 4 5 |  5.9
Charms         | 4 |  4.1
Fighting       | |  2.1
Armour         | |  0.6
Dodging        | |  2.6
Stealth        | |  0.1
Spellcasting   | |  2.2

Action                   |  1- 3 |  4- 6 || total
-------------------------+-------+-------++-------
Melee: Spear             |   121 |   100 ||   221
 Cast: Infusion          |     1 |     1 ||     2
 Stab: Sleeping          |       |     1 ||     1
  Eat: Chunk             |       |     3 ||     3
Armor: Leather armour    |    31 |    28 ||    59
Dodge: Dodged            |    55 |    43 ||    98
